 Dungeon Crawl Stone Soup version 0.29-a0-362-g5854e031c7 (webtiles) character file.

Game seed: 5864826133380019375

0 spiderkeys the Skirmisher (level 1, 0/24 HPs)
             Began as an Ogre Abyssal Knight on Apr 29, 2022.
             Was a Believer of Lugonu.
             Slain by a fire bat (2 damage)
             ... on level 2 of the Abyss.
             The game lasted 00:00:18 (148 turns).

spiderkeys the Skirmisher (Ogre Abyssal Knight)      Turns: 148, Time: 00:00:18

Health: 0/24       AC:  3    Str: 16    XL:     1   Next: 0%
Magic:  2/2        EV: 10    Int: 11    God:    Lugonu [**....]
Gold:   0          SH:  0    Dex:  9    Spells: 0/0 levels left

rFire   . . .      SeeInvis .   a - +1 hand axe
rCold   . . .      Faith    .   (no shield)
rNeg    . . .      Spirit   .   b - +0 robe
rPois   .          Reflect  .   (helmet restricted)
rElec   .          Harm     .   (no cloak)
rCorr   .          Rampage  .   (gloves unavailable)
Will    .....                   (boots unavailable)
Stlth   +.........              (no amulet)
HPRegen 0.08/turn               (no ring)
MPRegen 0.08/turn               (no ring)

@: no status effects
A: large, unfitting armour, tough skin 1
a: Renounce Religion, Depart the Abyss, Bend Space


You were on level 2 of the Abyss.
You worshipped Lugonu.
Lugonu was pleased with you.
You visited 0 branches of the dungeon, and saw 0 of its levels.
You visited the Abyss 1 time.


Innate Abilities, Weirdness & Mutations

You are too large for most types of armour.
You have tough skin. (AC +1)


   Skills:
 + Level 4.0 Fighting
 + Level 2.0 Axes
 + Level 2.1 Dodging
 + Level 2.0 Invocations


You couldn't memorise any spells.
You didn't know any spells.
Your spell library was empty.

Inventory:

Hand Weapons
 a - a +1 hand axe (weapon)
Armour
 b - a +0 robe (worn)

Dungeon Overview and Level Annotations

Branches:
Dungeon (0/15)

Altars:

. .. . . # . . #..
. .. .# ... #..#
.. ###.###.. .
...# ##..##.#. #
..#.. .
..#.#..#..# .. . .
....#..ยง# #.# # .
#. ##.#.#b####
..##
##.....@b.b##....#
# ...##
.#...#.#####b..# .
. ..# .. ...
###b..#...# .. ...
#.. ##.#.##ยง
##... . #.
....##.#.....#.# .
..##.......# ##.#
..#.. ..### ....
.. #..#.#.#.. .
... ..#...#.##.. #
. ...## .X...###


You could see 4 fire bats.


Message History

๐Ÿค– Initializing magus.rc ...
Options error: Bad monster_list_colour key: strict_neutral (~/.crawlrc:5438) Bad channel name for runrest: 'pray:' โœ… Successfully initialized magus.rc [v1.11.3] Welcome, spiderkeys the Ogre Abyssal Knight.
Will you be the one to retrieve the sublime Orb of Zot from the depths?
Lugonu says: Depart the Abyss and spread corruption, my servant! (use the ability menu to exit the Abyss) Press ? for a list of commands and other information.
Found a corrupted altar of Lugonu.
Found a gateway leading deeper into the Abyss.
There is a gateway leading deeper into the Abyss here.
You plunge deeper into the Abyss.
You fail to use your ability.
Found a corrupted altar of Lugonu.
Unknown command.
A tentacled starspawn comes into view.
A tentacle flies out from the starspawn's body!
A starspawn tentacle comes into view.
A starspawn tentacle comes into view.
A tentacle flies out from the starspawn's body!
A starspawn tentacle comes into view.
A fire bat comes into view.
A fire bat comes into view. x2
A tentacle flies out from the starspawn's body!
The fire bat moves out of view.
A starspawn tentacle comes into view.
A fire bat comes into view.
The fire bat closely misses you. The fire bat bites you.
You are engulfed in flames! ๐Ÿ˜ฎ HP[-9]
You take 9 damage, and now have 15/24 hp.
MASSIVE DAMAGE!! (PAUSE)
The fire bat closely misses you. The fire bat bites you.
You are engulfed in flames.
* * * LOW HITPOINT WARNING * * *
๐Ÿ˜จ HP[-6]
You take 6 damage, and now have 9/24 hp.
MASSIVE DAMAGE!! (PAUSE)
The fire bat bites you.
* * * LOW HITPOINT WARNING * * *
You are engulfed in flames.
* * * LOW HITPOINT WARNING * * *
The fire bat bites you but does no damage. ๐Ÿ˜ฑ HP[-7]
You take 7 damage, and now have 2/24 hp.
MASSIVE DAMAGE!! (PAUSE)
The fire bat bites you.
You die...

Action                   || total
-------------------------++-------
Armor: Robe              ||     1
Dodge: Dodged            ||     2

Levels and vault maps discovered:
Abyss:2:  base:
Temple

Notes
Turn   | Place    | Note
-------+----------+-------------------------------------------
     0 | Abyss:1  | spiderkeys the Ogre Abyssal Knight began the quest for the
                  | Orb.
     0 | Abyss:1  | Reached XP level 1. HP: 24/24 MP: 2/2
     0 | Abyss:1  | magus.rc [v1.11.3]
    94 | Abyss:2  | Found a corrupted altar of Lugonu.
   119 | Abyss:2  | Noticed a tentacled starspawn
   142 | Abyss:2  | Noticed a fire bat
   143 | Abyss:2  | Noticed a fire bat
   143 | Abyss:2  | Noticed a fire bat
   144 | Abyss:2  | Noticed a fire bat
   147 | Abyss:2  | HP: 2/24 [fire bat (6)]
   148 | Abyss:2  | Slain by a fire bat

Vanquished Creatures (others)
  6 starspawn tentacles (Abyss:2)
6 creatures vanquished.

Table legend:
 A = Non-vault XP
 B = Vault XP
 C = Vault XP percentage of total XP
 D = Non-vault monster count
 E = Vault monster count
 F = Vault count percentage of total count
                 A         B        C        D         E       F
            +---------+---------+-------+---------+---------+-------
      Total |       0 |       0 |   N/A |       0 |       0 |  -nan
            +---------+---------+-------+---------+---------+-------
            +---------+---------+-------+---------+---------+-------

Illustrated notes

Table legend: (Time is in decaauts)
 A = Elapsed time spent in this place.
 B = Non-inter-level travel time spent in this place.
 C = Inter-level travel time spent in this place.
 D = Time resting spent in this place.
 E = Time spent auto-exploring this place.
 F = Levels seen in this place.
 G = Mean time per level.
                   A        B        C        D        E       F      G
               +--------+--------+--------+--------+--------+-----+--------+
         Total |    147 |    147 |      0 |      0 |    108 |   2 |   73.5 |
         Abyss |    147 |    147 |      0 |      0 |    108 |   2 |   73.5 |
               +--------+--------+--------+--------+--------+-----+--------+

Top non-repeatable levels by time:
 Abyss:1: 76 daAuts
 Abyss:2: 71 daAuts
